 Dungeon Crawl Stone Soup version 0.31-a0-369-g8eba5f6939 (webtiles) character file.

Game seed: 9039943492260108520

116 drugrobin the Sneak (level 4, -5/37 HPs)
             Began as a Demigod Delver on July 29, 2023.
             Killed from afar by an orc wizard (8 damage)
             ... with a magic dart
             ... on level 1 of the Dungeon.
             The game lasted 00:07:09 (2465 turns).

drugrobin the Sneak (Demigod Delver)                Turns: 2465, Time: 00:07:09

Health: -5/37      AC:  9    Str: 17    XL:     4   Next: 43%
Magic:  6/6        EV: 12    Int: 12    God:
Gold:   169        SH:  0    Dex: 15    Spells: 3/3 levels left

rFire   . . .        b - +2 flail (protect)
rCold   . . .        (no shield)
rNeg    . . .        j - +0 robe
rPois   .            (no helmet)
rElec   .            (no cloak)
rCorr   .            (no gloves)
SInv    .            (no boots)
Will    .....        (no amulet)
Stlth   +++          (no ring)
HPRegen 0.26/turn    (no ring)
MPRegen 0.10/turn

%: no passive effects
@: under a protective aura
A: high MP 1, forlorn, divine attributes
a: no special abilities


You were on level 1 of the Dungeon.
You visited 1 branch of the dungeon, and saw 5 of its levels.

You collected 169 gold pieces.

Inventory:

Hand Weapons
 a - a +0 hand axe
 b - a +2 flail of protection (weapon)
 c - a +0 sling
Missiles
 m - 4 boomerangs
 y - a throwing net
Armour
 h - a +0 ring mail
 j - a +0 robe (worn)
 n - a +0 leather armour
 v - a +0 pair of boots
Wands
 g - a wand of digging (3)
Scrolls
 d - a scroll of revelation
 i - a scroll of amnesia {unknown}
 o - 3 scrolls of identify {unknown}
 p - a scroll of fog
 q - a scroll of brand weapon {unknown}
 r - 2 scrolls of enchant armour {unknown}
 w - a scroll of teleportation {unknown}
 x - a scroll of butterflies {unknown}
Potions
 f - a potion of haste
 k - a potion of berserk rage {unknown}
 l - 2 potions of heal wounds {unknown}
 s - 3 potions of enlightenment {unknown}
 t - a potion of curing {unknown}
 u - a potion of invisibility {unknown}
 z - 2 potions of degeneration {unknown}


   Skills:
 - Level 2.6 Fighting
 + Level 4.5 Axes
 - Level 1.7 Dodging
 - Level 4.5 Stealth


You had 3 spell levels left.
You didn't know any spells.
Your spell library contained the following spells:

 Spells                   Type           Power      Damage    Failure   Level
 Summon Small Mammal      Summ           0%         N/A       32%         1
 Static Discharge         Conj/Air       0%         2-2/arc   45%         2
 Call Canine Familiar     Summ           0%         N/A       69%         3
 Summon Guardian Golem    Hex/Summ       0%         N/A       69%         3
 Airstrike                Air            0%         2d(0-16)  97%         4
 Summon Lightning Spire   Summ/Air       0%         N/A       97%         4


Dungeon Overview and Level Annotations

Branches:
Dungeon (5/15)
 Temple: D:4-7

Annotations:
D:5 Ijyb


Innate Abilities, Weirdness & Mutations

You have an increased reservoir of magic. (+10% MP)
You shall have no god before yourself.
Your divine heritage dramatically boosts your attributes as you level up.


Message History

A puff of flame appears from out of thin air!
The puff of flame hits you.
You bump into the rock wall.
Something hits you.
You're too confused to move!
Something hits you.
You closely miss something.
You feel less confused.
You hear some strange, mumbled words.
A puff of flame appears from out of thin air!
The puff of flame hits you.
* * * LOW HITPOINT WARNING * * *
You hit something.
Your weapon exudes an aura of protection.
Something hits you but does no damage.
Unknown command.
You miss something. Something hits you but does no damage.
Unknown command.
Unknown command.
You barely miss something. Something completely misses you.
Something hits you but does no damage.
Unknown command.
Unknown command.
You barely miss something.
You hear some strange, mumbled words.
A magic dart appears from out of thin air!
The magic dart hits you!
* * * LOW HITPOINT WARNING * * *
Unknown command.
Unknown command.
Okay, then.
You hit something but do no damage.
Your weapon exudes an aura of protection.
Something hits you.
* * * LOW HITPOINT WARNING * * *
Unknown command.
Unknown command.
You barely miss something.
You hear some strange, mumbled words.
A magic dart appears from out of thin air!
The magic dart hits you!
You die...

......# #.# ##+##
#####.# .....## #.# #.#
#.# #...## #.########
#.# #.# ##.##
#.#......# ##.## #.#
### #....###.# ##...##
#># ###..# #.# #....†#
#.# #..###.####...##
#.#
#............########.#
#.####@####.#.........#
#....>{# ##.##########
######## #.# #.# #.#
########### #.#
#.........# #.#
#.#######.# #.# #.#
#####.####.####


There were no monsters in sight!

Vanquished Creatures
  4 gnolls
  An adder (D:2)
  2 dart slugs (D:2)
  2 orcs (D:3)
  5 bats
  6 endoplasms
  3 giant cockroaches
  6 goblins
  6 hobgoblins
  7 jackals (D:1)
  4 kobolds
  2 quokkas
  2 ball pythons
  4 frilled lizards
  5 rats
59 creatures vanquished.

Notes
Turn   | Place    | Note
-------+----------+-------------------------------------------
     0 | D:5      | drugrobin the Demigod Delver began the quest for the Orb.
     0 | D:5      | Reached XP level 1. HP: 18/18 MP: 3/3
    97 | D:5      | Noticed Ijyb
   317 | D:3      | Noticed an orc wizard
   349 | D:2      | Reached XP level 2. HP: 25/25 MP: 4/4
   790 | D:1      | Reached XP level 3. HP: 26/30 MP: 5/5
  1755 | D:2      | Reached XP level 4. HP: 36/37 MP: 6/6
  2465 | D:1      | Killed from afar by an orc wizard

Illustrated notes

Levels and vault maps discovered:
D:1:      dpeg_arrival_pond, layout_loops_corners, minmay_misc_feat_plants
D:2:      layout_basic, serial_bayou, serial_bayou_shore_a, serial_bayou_ford_a,
          serial_bayou_lagoon_a, serial_bayou_pond_c
D:3:      layout_basic, mainiacjoe_overflow_alcove_4
D:4:      layout_loops_cross, nicolae_kite_square_tiling_tiny, uniq_natasha
D:5:      layout_loops_ring, grunt_ministairs_12, uniq_ijyb

Skill      XL: |  1  2  3 |
---------------+----------+-----
Axes           | 2 3 4 |  4.5
Fighting       | |  2.6
Dodging        | |  1.7
Stealth        | |  4.5

Action                     |  1- 3 |  4- 6 || total
---------------------------+-------+-------++-------
  Melee: Hand axe          |    41 |       ||    41
         Punch             |     2 |     1 ||     3
         Flail             |   109 |    44 ||   153
   Fire: Sling             |     3 |       ||     3
    Use: Scroll            |       |     1 ||     1
   Stab: Sleeping          |     5 |     1 ||     6
 Armour: Robe              |    47 |    18 ||    65
  Dodge: Dodged            |    97 |    29 ||   126

Table legend: (Time is in decaauts)
 A = Elapsed time spent in this place.
 B = Non-inter-level travel time spent in this place.
 C = Inter-level travel time spent in this place.
 D = Time resting spent in this place.
 E = Time spent auto-exploring this place.
 F = Levels seen in this place.
 G = Mean time per level.
                   A        B        C        D        E       F      G
               +--------+--------+--------+--------+--------+-----+--------+
         Total |   2549 |   2509 |     40 |    400 |   1172 |   5 |  509.8 |
       Dungeon |   2549 |   2509 |     40 |    400 |   1172 |   5 |  509.8 |
               +--------+--------+--------+--------+--------+-----+--------+

Top non-repeatable levels by time:
     D:1: 1203 daAuts
     D:2: 986 daAuts
     D:4: 132 daAuts
     D:3: 119 daAuts
     D:5: 108 daAuts
